 Dungeon Crawl Stone Soup version 0.31-a0-152-g6aa68a64a1 (webtiles) character file.

Game seed: 146127989570385139

26 qw the Shooter (level 3, 0/32 HPs)
             Began as a Naga Hunter on June 11, 2023.
             Slain by an iguana (13 damage)
             ... on level 2 of the Dungeon.
             The game lasted 00:00:16 (891 turns).

qw the Shooter (Naga Hunter)                         Turns: 891, Time: 00:00:17

Health: 0/32       AC:  4    Str: 12 (13) XL:     3   Next: 8%
Magic:  3/3        EV:  9    Int:  7 (9)  God:
Gold:   24         SH:  0    Dex: 15 (16) Spells: 2/2 levels left

rFire   . . .        Y - +0 shortbow (flame)
rCold   . . .        (shield currently unavailable)
rNeg    . . .        c - +0 leather armour
rPois   +            (no helmet)
rElec   .            h - +0 cloak
rCorr   .            e - +0 pair of gloves
SInv    +            (no barding)
Will    .....        (no amulet)
Stlth   ++           (no ring)
HPRegen 0.25/turn    (no ring)
MPRegen 0.08/turn

%: no passive effects
@: very slow
A: AC +1, large, see invisible, deformed body, poison resistance, slowness 2,
spit poison 1, naga tail 1
a: Spit Poison


You were on level 2 of the Dungeon.
You visited 1 branch of the dungeon, and saw 2 of its levels.

You collected 24 gold pieces.


Innate Abilities, Weirdness & Mutations

Your serpentine skin is tough. (AC +1)
You have supernaturally acute eyesight. (SInv)
Armour fits poorly on your strangely shaped body.
Your system is resistant to poisons. (rPois)
You cover ground very slowly.
You can spit poison.
You have a snake-like lower body.


   Skills:
 - Level 2.0 Fighting
 + Level 4.5 Ranged Weapons
 - Level 1.5 Dodging
 - Level 1.5 Stealth


You had 2 spell levels left.
You didn't know any spells.
Your spell library was empty.

Inventory:

Hand Weapons
 Y - a +0 shortbow of flaming (weapon)
Armour
 c - a +0 leather armour (worn)
 e - a +0 pair of gloves (worn)
 h - a +0 cloak (worn)
Potions
 f - a potion of enlightenment {unknown}
 m - a potion of heal wounds {unknown}

Dungeon Overview and Level Annotations

Branches:
Dungeon (2/15)

Altars:


Message History

The frilled lizard bites you but does no damage.
There is a stone staircase leading up here.
859 ||| INVOKING Spit Poison.
Aiming: Spit Poison (2% risk of failure)
Press: ? - help, Shift-Dir - straight line, f - frilled lizard The splash of poison hits the frilled lizard!
You kill the frilled lizard!
You have got your breath back.
You now have 24 gold pieces (gained 2).
Found a book of Dangerous Friends.
An iguana comes into view.
883 ||| INVOKING Spit Poison.
Aiming: Spit Poison (2% risk of failure)
Press: ? - help, Shift-Dir - straight line, f - iguana The splash of poison hits the iguana.
The iguana is poisoned.
The iguana is moderately wounded.
The iguana hisses angrily.
You shoot an arrow. The arrow hits the iguana.
The arrow burns the iguana.
The iguana is heavily wounded.
You shoot an arrow. The arrow hits the iguana.
The arrow burns the iguana.
The iguana is severely wounded.
The iguana bites you!
You shoot an arrow. The arrow completely misses the iguana.
You have got your breath back.
The iguana looks more healthy.
The iguana barely misses you.
887 ||| INVOKING Spit Poison.
Aiming: Spit Poison (2% risk of failure)
Press: ? - help, Shift-Dir - straight line, f/p - iguana The splash of poison misses the iguana.
The iguana bites you.
You shoot an arrow. The arrow closely misses the iguana.
The iguana bites you.
You shoot an arrow. The arrow barely misses the iguana.
The iguana bites you! The iguana barely misses you.
You shoot an arrow. The arrow closely misses the iguana.
The iguana closely misses you.
You shoot an arrow. The arrow barely misses the iguana.
You have got your breath back.
The iguana bites you!
You die...

#######.#...
...........#
........#.#
######...
.......#.#
#.l....# #.#..##.#
#@# #####..>#
#.####.#
........###.##...#
...............###
.%.<....##..####
........##....#
.......####.#...#
.......# #.###.#
.......# #.# #


You could see an iguana.

Vanquished Creatures
  An adder (D:2)
  3 bats (D:1)
  2 giant cockroaches (D:1)
  4 goblins (D:1)
  2 hobgoblins (D:1)
  2 kobolds (D:1)
  A ball python (D:1)
  2 frilled lizards
17 creatures vanquished.

Notes
Turn   | Place    | Note
-------+----------+-------------------------------------------
     0 | D:1      | qw the Naga Hunter began the quest for the Orb.
     0 | D:1      | Reached XP level 1. HP: 19/19 MP: 1/1
     0 | D:1      | 0 ||| qw: Version: 0.2-a-29-gdad1ea2
     0 | D:1      | 0 ||| qw: Game counter: 4064
     0 | D:1      | 0 ||| qw: Always use a shield: true
     0 | D:1      | 0 ||| qw: God list: Okawaru
     0 | D:1      | 0 ||| qw: Allow faded altars: false
     0 | D:1      | 0 ||| qw: Do Orc after D:15 true
     0 | D:1      | 0 ||| qw: Do second Lair branch before Depths: true
     0 | D:1      | 0 ||| qw: Lair rune preference: random
     0 | D:1      | 0 ||| qw: Plans: Normal
     0 | D:1      | 0 ||| PLANNING D:1-11
    80 | D:1      | 80 ||| INVOKING Spit Poison.
    92 | D:1      | 92 ||| INVOKING Spit Poison.
    93 | D:1      | 93 ||| INVOKING Spit Poison.
   192 | D:1      | 192 ||| INVOKING Spit Poison.
   219 | D:1      | 219 ||| INVOKING Spit Poison.
   225 | D:1      | 225 ||| INVOKING Spit Poison.
   227 | D:1      | Reached skill level 4 in Ranged Weapons
   227 | D:1      | Reached XP level 2. HP: 26/26 MP: 2/2
   239 | D:1      | 239 ||| INVOKING Spit Poison.
   268 | D:1      | 268 ||| INVOKING Spit Poison.
   287 | D:1      | 287 ||| INVOKING Spit Poison.
   497 | D:1      | 497 ||| INVOKING Spit Poison.
   501 | D:1      | 501 ||| INVOKING Spit Poison.
   567 | D:1      | 567 ||| INVOKING Spit Poison.
   667 | D:1      | 667 ||| UPGRADING to +0 pair of gloves.
   672 | D:1      | 672 ||| UPGRADING to +0 cloak.
   677 | D:1      | 677 ||| DROPPING +6 ring of intelligence.
   678 | D:1      | 678 ||| READING scroll labelled LYT YTZINAZIOCW.
   779 | D:1      | 779 ||| READING scroll labelled LARIM LIAGGAE.
   780 | D:1      | 780 ||| READING scroll labelled ESMUOR HAGIOLY.
   781 | D:1      | 781 ||| READING scroll labelled DOWAUNOADE.
   785 | D:1      | 785 ||| READING scroll labelled CETONWOZAD.
   786 | D:1      | 786 ||| DRINKING 2 bubbling puce potions.
   787 | D:1      | 787 ||| DROPPING scroll of butterflies.
   788 | D:1      | 788 ||| DROPPING potion of degeneration.
   820 | D:2      | 820 ||| INVOKING Spit Poison.
   822 | D:2      | Reached XP level 3. HP: 32/32 MP: 3/3
   823 | D:2      | 823 ||| STAIRDANCE
   825 | D:1      | 825 ||| INVOKING Spit Poison.
   859 | D:2      | 859 ||| INVOKING Spit Poison.
   883 | D:2      | 883 ||| INVOKING Spit Poison.
   887 | D:2      | 887 ||| INVOKING Spit Poison.
   891 | D:2      | Slain by an iguana

Levels and vault maps discovered:
D:1:      lightli_arrival_chessboard, layout_basic
D:2:      layout_rooms, basic_altar, uniq_robin, uniq_sigmund

Skill      XL: |  1 |
---------------+----+-----
Ranged Weapons | 4 |  4.5
Fighting       | |  2.0
Dodging        | |  1.5
Stealth        | |  1.5

Action                     || total
---------------------------++-------
   Fire: Shortbow          ||    30
Ability: Spit Poison       ||    16
    Use: Scroll            ||     5
         Potion            ||     1
 Armour: Leather armour    ||     2
  Dodge: Dodged            ||    10

Table legend:
 A = Non-vault XP
 B = Vault XP
 C = Vault XP percentage of total XP
 D = Non-vault monster count
 E = Vault monster count
 F = Vault count percentage of total count
                 A         B        C        D         E       F
            +---------+---------+-------+---------+---------+-------
      Total |      38 |       0 |   0.0 |      17 |       0 |   0.0
            +---------+---------+-------+---------+---------+-------
        D:1 |      24 |       0 |   0.0 |      15 |       0 |   0.0
        D:2 |      14 |       0 |   0.0 |       2 |       0 |   0.0
            +---------+---------+-------+---------+---------+-------
